 Dungeon Crawl Stone Soup version 0.27-a0-1434-g6f15984924 (webtiles) character file.

Game seed: 4348604609473852006

6185 pokeman the Thaumaturge (level 10, -6/56 HPs)
             Began as a Deep Elf Hedge Wizard on July 3, 2021.
             Was a Follower of Vehumet.
             Mangled by a death yak (19 damage)
             ... on level 8 of the Dungeon.
             The game lasted 00:27:44 (9409 turns).

pokeman the Thaumaturge (Deep Elf Hedge Wizard)     Turns: 9409, Time: 00:27:44

Health: -6/56      AC:  4    Str:  7    XL:     10   Next: 60%
Magic:  8/29       EV: 13    Int: 23    God:    Vehumet [*.....]
Gold:   119        SH:  0    Dex: 18    Spells: 14/35 levels left

rFire    . . .     SeeInvis .   K - +6 long sword "Nilenor" {vorpal, Dex+4}
rCold    + . .     Faith    .   (no shield)
rNeg     . . .     Spirit   .   b - +0 robe
rPois    .         Reflect  .   c - +0 hat
rElec    .         Harm     .   o - +0 cloak
rCorr    .         Rampage  .   g - +0 pair of gloves
Will     +....                  (no boots)
Stlth    +.........             a - amulet of magic regeneration
HPRegen  0.18/turn              w - ring of wizardry
MPRegen  0.46/turn              E - ring of protection from cold

@: confused
A: no striking features
a: Renounce Religion


You were on level 8 of the Dungeon.
You worshipped Vehumet.
Vehumet was aware of your devotion.
You visited 2 branches of the dungeon, and saw 9 of its levels.

You collected 306 gold pieces.
You spent 187 gold pieces at shops.

Inventory:

Hand Weapons
 A - a +0 shortbow
 K - the +6 long sword "Nilenor" (weapon) {vorpal, Dex+4}
   (You found it on level 7 of the Dungeon)

   It inflicts extra damage upon your enemies.
   Dex:       It affects your dexterity (+4).
Missiles
 l - 23 bolts
 p - 154 arrows
Armour
 b - a +0 robe (worn)
 c - a +0 hat (worn)
 g - a +0 pair of gloves (worn)
 o - a +0 cloak (worn)
 H - a +2 buckler of protection
Magical Staves
 d - a staff of earth
Jewellery
 a - an amulet of magic regeneration (around neck)
 w - a ring of wizardry (left hand)
 E - a ring of protection from cold (right hand)
Wands
 v - a wand of charming (18)
 J - a wand of iceblast (7)
Scrolls
 e - 3 scrolls of teleportation {unknown}
 f - 6 scrolls of identify {unknown}
 j - 2 scrolls of amnesia {unknown}
 n - 2 scrolls of torment {unknown}
 s - a scroll of immolation {unknown}
 u - 2 scrolls of vulnerability {unknown}
 x - a scroll of noise {unknown}
 y - a scroll of enchant weapon {unknown}
 B - a scroll of magic mapping {unknown}
 C - a scroll of fog {unknown}
 D - a scroll of blinking {unknown}
 G - a scroll of brand weapon {unknown}
 I - a scroll of summoning {unknown}
Potions
 h - a potion of berserk rage {unknown}
 i - 2 potions of curing {unknown}
 k - a potion of resistance {unknown}
 q - a potion of attraction {unknown}
 r - a potion of heal wounds {unknown}
 t - a potion of lignification {unknown}
 z - 2 potions of flight {unknown}
 F - a potion of invisibility {unknown}


   Skills:
 - Level 3.0 Fighting
 - Level 3.0 Armour
 - Level 3.0 Dodging
 - Level 3.4 Stealth
 + Level 3.1 Shields
 * Level 13.4 Spellcasting
 + Level 7.9 Conjurations
 - Level 1.1 Summonings
 - Level 1.1 Translocations
 + Level 6.3 Fire Magic
 - Level 1.0 Ice Magic
 - Level 1.0 Air Magic
 - Level 1.2 Poison Magic
 - Level 3.0 Evocations


You had 14 spell levels left.
You knew the following spells:

 Your Spells              Type           Power      Damage    Failure   Level
a - Magic Dart            Conj           100%       1d8       1%          1
b - Mephitic Cloud        Conj/Pois/Air  31%        N/A       1%          3
c - Call Imp              Summ           20%        N/A       1%          2
d - Blink                 Tloc           N/A        N/A       1%          2
e - Conjure Flame         Conj/Fire      48%        6-21      1%          3
f - Lightning Bolt        Conj/Air       18%        1d32      7%          5
g - Freezing Cloud        Conj/Ice/Air   15%        6-21      12%         5

Your spell library contained the following spells:

 Spells                   Type           Power      Damage    Failure   Level
 Sandblast                Erth           30%        2d9       1%          1
 Poisonous Vapours        Pois/Air       40%        N/A       1%          2
 Slow                     Hex            15%        N/A       2%          2
 Confusing Touch          Hex            15%        N/A       4%          3
 Airstrike                Air            10%        N/A       11%         4
 Summon Lightning Spire   Summ/Air       20%        N/A       11%         4
 Yara's Violent Unravell  Hex/Tmut       7%         3d5       38%         5


Dungeon Overview and Level Annotations

Branches:
Dungeon (8/15)             Temple (1/1) D:5
   Lair: D:8-11

Altars:
Ashenzari
Cheibriados
Dithmenos
Fedhas
Gozag
Hepliaklqana
Kikubaaqudgha
Makhleb
Nemelex Xobeh
Qazlal
Sif Muna
Trog
Uskayaw
Vehumet
Xom
Yredelemnul
Zin
The Shining One

Shops:
D:1 [   D:6 (   D:8 *


Message History

Aiming: Freezing Cloud (quite dangerous; 12% risk of failure)
Press: ? - help, Dir - move target, f - death yak, p - death yak
Aim: a death yak (lightly wounded)
The death yak is engulfed in freezing vapours. x3
Unknown command.
Unknown command.
The death yak is engulfed in noxious fumes.
The death yak is engulfed in freezing vapours. x2
The death yak snorts and paws the ground.
Unknown command.
You slash the death yak!
The death yak is severely wounded.
The death yak is engulfed in noxious fumes.
The death yak misses you.
Unknown command.
The death yak is engulfed in freezing vapours.
The death yak gores you.
Casting: Freezing Cloud (quite dangerous; 12% risk of failure)
Confirm with . or Enter, or press ? or * to list all spells.
Aiming: Mephitic Cloud (safe; 1% risk of failure)
Press: ? - help, Shift-Dir - straight line, f/p - death yak
Aim: a death yak (moderately wounded, chance to affect: 34%) That beam is likely to hit you.
Continue anyway?
The ball explodes into a vile cloud!
The stinking cloud engulfs the death yak but does no damage.
The death yak is moderately wounded.
The stinking cloud engulfs you but does no damage.
The stinking cloud engulfs the death yak but does no damage.
The death yak is severely wounded.
You are engulfed in noxious fumes.
You choke on the stench!
You are confused.
The death yak is engulfed in noxious fumes.
The death yak gores you!!
* * * LOW HITPOINT WARNING * * *
The death yak is engulfed in noxious fumes.
The death yak barely misses you.
Unknown command.
The death yak is engulfed in noxious fumes. x3
The death yak gores you!!
You die...

.Y. #..## ##..§#
..))# ..☼. )§# #.#
####Y### ##.@Y☼☼.#
#+# #...Y.#.# #.#
#.....#.# #.#
#.....# #
###.#####
#.....#.#
#.......#
#.......# ##
#.....#.#
###.##### .#
#....##.# #.#
.###.#.###.#####.#


You could see 3 death yaks.

Vanquished Creatures
  A boulder beetle (D:7)
  A two-headed ogre (D:4)
  An unseen horror (D:7)
  Maggie (D:8)
  Psyche (D:8)
  A troll (D:7)
  A hornet (D:7)
  A slime creature (D:7)
  Sigmund (D:6)
  2 wyverns
  2 steam dragons (D:7)
  Edmund (D:5)
  2 ice beasts
  An ogre (D:6)
  2 black bears
  2 sky beasts
  2 necrophages
  A centaur (D:5)
  A phantom (D:5)
  A bullfrog (D:7)
  3 scorpions
  A wyvern skeleton (D:6)
  6 killer bees (D:5)
  3 wights (D:7)
  A centaur zombie (D:6)
  3 jellies
  An orc priest (D:8)
  A gnoll shaman (D:6)
  5 hounds
  A centaur skeleton (D:3)
  4 iguanas
  3 orc wizards
  A killer bee zombie (D:6)
  A howler monkey zombie (D:6)
  7 gnolls
  A howler monkey skeleton (D:7)
  8 adders
  A shadow imp (D:6)
  2 white imps
  An ufetubus (D:5)
  An adder skeleton (D:4)
  2 worms (D:2)
  6 dart slugs
  14 orcs
  5 bats
  6 endoplasms
  7 giant cockroaches
  8 goblins
  7 hobgoblins
  6 jackals
  2 quokkas
  5 ball pythons
  A frilled lizard (D:1)
  7 kobolds
  6 rats
163 creatures vanquished.

Vanquished Creatures (collateral kills)
  Menkaure (D:5)
  An adder skeleton (D:5)
2 creatures vanquished.

Vanquished Creatures (others)
  9 plants (D:6)
9 creatures vanquished.

Grand Total: 174 creatures vanquished

Notes
Turn   | Place    | Note
-------+----------+-------------------------------------------
     0 | D:1      | pokeman the Deep Elf Hedge Wizard began the quest for the
                  | Orb.
     0 | D:1      | Reached XP level 1. HP: 10/10 MP: 7/7
   309 | D:1      | Reached XP level 2. HP: 15/15 MP: 7/9
   320 | D:1      | Found Xuprahoeli's Antique Armour Shop.
   751 | D:1      | Reached skill level 5 in Spellcasting
   984 | D:1      | Reached XP level 3. HP: 20/20 MP: 8/11
   988 | D:1      | Learned a level 3 spell: Mephitic Cloud
   991 | D:1      | Learned a level 2 spell: Call Imp
   994 | D:1      | Learned a level 2 spell: Blink
   998 | D:1      | Learned a level 3 spell: Conjure Flame
  1443 | D:2      | Reached skill level 1 in Fighting
  1443 | D:2      | Reached skill level 1 in Armour
  1457 | D:2      | Reached XP level 4. HP: 25/25 MP: 3/13
  2013 | D:2      | Found a faded altar of an unknown god.
  2249 | D:2      | Reached skill level 1 in Fire Magic
  2589 | D:3      | Reached skill level 6 in Spellcasting
  2589 | D:3      | Reached XP level 5. HP: 29/29 MP: 12/15
  2847 | D:3      | Found a shimmering altar of Xom.
  2847 | D:3      | Found a shadowy altar of Dithmenos.
  3440 | D:4      | Reached skill level 1 in Air Magic
  3449 | D:4      | Noticed a wyvern
  3460 | D:4      | Killed a wyvern
  3461 | D:4      | Reached skill level 7 in Spellcasting
  3461 | D:4      | Reached skill level 1 in Poison Magic
  3461 | D:4      | Reached XP level 6. HP: 26/34 MP: 10/18
  3551 | D:4      | Noticed a two-headed ogre
  3572 | D:4      | Killed a two-headed ogre
  3573 | D:4      | Reached skill level 8 in Spellcasting
  3573 | D:4      | Reached XP level 7. HP: 37/40 MP: 2/21
  3573 | D:4      | Reached XP level 8. HP: 41/45 MP: 2/22
  3721 | D:4      | Reached skill level 9 in Spellcasting
  4288 | D:5      | Entered Level 5 of the Dungeon
  4375 | D:5      | Learned a level 5 spell: Freezing Cloud
  4389 | D:5      | Reached skill level 5 in Conjurations
  4437 | D:5      | Noticed Edmund
  4473 | D:5      | Reached skill level 1 in Ice Magic
  4486 | D:5      | Killed Edmund
  4487 | D:5      | Reached skill level 10 in Spellcasting
  4552 | D:5      | Noticed Menkaure
  4580 | D:5      | Killed Menkaure
  5113 | D:5      | Reached XP level 9. HP: 50/50 MP: 15/25
  5185 | D:5      | Learned a level 5 spell: Lightning Bolt
  5558 | D:5      | Reached skill level 11 in Spellcasting
  5577 | D:5      | Found a staircase to the Ecumenical Temple.
  5582 | Temple   | Entered the Ecumenical Temple
  6029 | D:6      | Found a hazy altar of Hepliaklqana.
  6291 | D:6      | Noticed Sigmund
  6369 | D:6      | Killed Sigmund
  6562 | D:6      | Found Vaxzaux's Weapon Shoppe.
  6833 | D:6      | Found a radiant altar of Vehumet.
  6843 | D:6      | Became a worshipper of Vehumet
  7404 | D:1      | Bought a shiny buckler for 187 gold pieces
  7586 | D:7      | Noticed a troll
  7592 | D:7      | Killed a troll
  7593 | D:7      | Reached skill level 1 in Shields
  7694 | D:7      | Reached skill level 12 in Spellcasting
  7718 | D:7      | Reached skill level 5 in Fire Magic
  7926 | D:7      | Found a broken altar of Ashenzari.
  7945 | D:7      | Reached XP level 10. HP: 14/56 MP: 24/28
  8411 | D:7      | Noticed a boulder beetle
  8450 | D:7      | Killed a boulder beetle
  8451 | D:7      | Reached skill level 13 in Spellcasting
  8752 | D:7      | Reached * piety under Vehumet
  8752 | D:7      | Offered knowledge of Sandblast by Vehumet.
  9008 | D:7      | Identified the +6 long sword "Nilenor" {vorpal, Dex+4}
  9336 | D:8      | Found Gozag's Platinum Reserve.
  9336 | D:8      | Found an opulent altar of Gozag.
  9337 | D:8      | Noticed Psyche
  9340 | D:8      | Killed Psyche
  9391 | D:8      | Noticed Maggie
  9394 | D:8      | Noticed a death yak
  9399 | D:8      | Noticed a death yak
  9399 | D:8      | Killed Maggie
  9399 | D:8      | Noticed a death yak
  9409 | D:8      | Mangled by a death yak

Illustrated notes

Levels and vault maps discovered:
D:1:      dpeg_arrival_oval, layout_loops_ring, serial_shops,
          nicolae_diamond_shop, corexii_item_surrounded_by_moat
D:2:      layout_basic, chequers_ecumenical_altar_twisty, minmay_tetromino_s2
D:3:      layout_loops_ring, gammafunk_temple_overflow_statue
D:4:      layout_basic, minmay_misc_feat_more_columns, item_on_display_a
D:5:      layout_loops_ring, minmay_temple_entry_nine_rooms,
          minmay_misc_feat_square, uniq_edmund, uniq_menkaure
D:6:      layout_loops_ring, lemuel_round_altar,
          nicolae_hepliaklqana_hazy_memory, serial_shops, nicolae_shop_stone,
          serial_co_window_serial, co_window_corner_a, co_window_paths_a,
          co_window_of_opportunity_a, co_window_cross_1, co_window_cross_1,
          co_window_corner_ca, co_window_unsneaky_path_e, co_window_broadway_a,
          co_window_corner_b, co_window_2corner, uniq_sigmund
D:7:      layout_cave_pods, ashenzari_conservatory_becter, minmay_hedge_maze,
          kb_rosetta
D:8:      minmay_chambers_of_fours, layout_loops_corners,
          nicolae_gozag_zags_fifth_avenue, nicolae_elyvilon_peaceful_grove,
          gammafunk_temple_overflow_wave, dpeg_lair_monsters,
          eino_small_chamber_without_monster, st_stairs_12,
          minmay_hollow_rounded_squares, uniq_psyche, uniq_maggie, uniq_joseph
Temple:   nicolae_temple_hex_pool

Skill      XL: |  1  2  3  4  5  6  7  8  9 10 |
---------------+-------------------------------+-----
Spellcasting   | 5 6 7 8 10 12 13 | 13.4
Fighting       | 1 2 3 |  3.0
Armour         | 1 2 3 |  3.0
Conjurations   | 2 3 4 5 7 |  7.9
Fire Magic     | 1 3 5 6 |  6.3
Dodging        | 3 |  3.0
Air Magic      | 1 |  1.0
Stealth        | 3 |  3.4
Poison Magic   | 1 |  1.2
Evocations     | 2 3 |  3.0
Ice Magic      | 1 |  1.0
Shields        | 1 3 |  3.1
Summonings     | |  1.1
Translocations | |  1.1

Action                   |  1- 3 |  4- 6 |  7- 9 | 10-12 || total
-------------------------+-------+-------+-------+-------++-------
Melee: Staff             |     4 |       |       |       ||     4
       War axe           |       |    16 |    23 |     4 ||    43
       Long sword        |       |       |       |     2 ||     2
 Cast: Magic Dart        |   106 |   103 |   191 |    10 ||   410
       Conjure Flame     |     2 |     7 |    16 |     3 ||    28
       Mephitic Cloud    |     2 |     4 |    11 |     8 ||    25
       Call Imp          |       |     1 |     6 |       ||     7
       Freezing Cloud    |       |       |    11 |    15 ||    26
       Blink             |       |       |     2 |     1 ||     3
       Lightning Bolt    |       |       |     4 |     5 ||     9
 Stab: Confused          |       |       |     2 |       ||     2
Armor: Robe              |     4 |    10 |     9 |     4 ||    27
Dodge: Dodged            |    12 |    28 |    42 |     7 ||    89

Table legend: (Time is in decaauts)
 A = Elapsed time spent in this place.
 B = Non-inter-level travel time spent in this place.
 C = Inter-level travel time spent in this place.
 D = Time resting spent in this place.
 E = Time spent auto-exploring this place.
 F = Levels seen in this place.
 G = Mean time per level.
                   A        B        C        D        E       F      G
               +--------+--------+--------+--------+--------+-----+--------+
         Total |   9434 |   8744 |    690 |    540 |   6951 |   9 | 1048.2 |
       Dungeon |   9342 |   8671 |    671 |    540 |   6880 |   8 | 1167.8 |
        Temple |     91 |     72 |     19 |      0 |     71 |   1 |   91.0 |
               +--------+--------+--------+--------+--------+-----+--------+

Top non-repeatable levels by time:
     D:7: 1771 daAuts
     D:5: 1562 daAuts
     D:2: 1373 daAuts
     D:6: 1369 daAuts
     D:1: 1361 daAuts
     D:4: 1019 daAuts
     D:3: 812 daAuts
  Temple: 91 daAuts
     D:8: 73 daAuts
